 Dungeon Crawl Stone Soup version 0.31.0 (webtiles) character file.

Game seed: 12925327062597809969

126 gelatine the Trooper (level 4, -10/37 HPs)
             Began as a Demonspawn Fighter on Jan 20, 2024.
             Mangled by Crazy Yiuf
             ... wielding a +2 quarterstaff of chaos
              (14 damage)
             ... on level 2 of the Dungeon.
             The game lasted 00:02:26 (1276 turns).

gelatine the Trooper (Demonspawn Fighter)           Turns: 1276, Time: 00:02:26

Health: -10/37     AC:  6    Str: 18    XL:     4   Next: 84%
Magic:  4/4        EV:  9    Int:  8    God:
Gold:   38         SH:  4    Dex: 13    Spells: 3/3 levels left

rFire   + . .        a - +0 war axe
rCold   . . .        c - +0 buckler
rNeg    . . .        b - +0 scale mail
rPois   .            (helmet restricted)
rElec   .            (no cloak)
rCorr   .            (no gloves)
SInv    .            (no boots)
Will    .....        (no amulet) Stlth
                     h - ring of protection from fire
HPRegen 0.26/turn    i - ring of flight
MPRegen 0.09/turn

%: no passive effects
@: weak-willed, flying
A: antennae 1, hooves 1, demonic touch 1
a: no special abilities


You were on level 2 of the Dungeon.
You visited 1 branch of the dungeon, and saw 2 of its levels.

You collected 38 gold pieces.

Inventory:

Hand Weapons
 a - a +0 war axe (weapon)
Armour
 b - a +0 scale mail (worn)
 c - a +0 buckler (worn)
Jewellery
 e - a ring of ice
 h - a ring of protection from fire (left hand)
 i - a ring of flight (right hand)
Scrolls
 f - 2 scrolls of vulnerability {unknown}
 g - 3 scrolls of identify {unknown}
 j - a scroll of teleportation {unknown}
Potions
 d - a potion of might


   Skills:
 + Level 3.8 Fighting
 + Level 3.1 Axes
 + Level 3.2 Armour
 + Level 0.5 Dodging
 + Level 0.2 Stealth
 + Level 3.1 Shields


You had 3 spell levels left.
You didn't know any spells.
Your spell library contained the following spells:

 Spells                   Type           Power      Damage    Failure   Level
 Foxfire                  Conj/Fire      0%         2x1d4     86%         1
 Dazzling Flash           Conj/Hex       0%         N/A       99%         3
 Volatile Blastmotes      Fire/Tloc      0%         2d10      99%         3
 Ignite Poison            Fire/Alch      0%         N/A       100%        4
 Bombard                  Conj/Erth      0%         9d1       100%        6
 Starburst                Conj/Fire      0%         6d3       100%        6
 Maxwell's Capacitive Co  Air            0%         ∞         100%        8


Dungeon Overview and Level Annotations

Branches:
Dungeon (2/15)

Altars:

Annotations:
D:2 Crazy Yiuf


Innate Abilities, Weirdness & Mutations

You have a pair of small antennae on your head.
You have large cloven feet.
Your touch may inflict minor irresistible damage on your foes.


Message History

You kill the quokka!
You completely miss the hobgoblin. Your kick misses the hobgoblin.
You block the hobgoblin's attack.
You slash the hobgoblin!
You kill the hobgoblin!
You sense a monster nearby.
A rat comes into view.
You closely miss the rat. You kick the rat.
You kill the rat!
You see here a rat corpse.
Found a hammer.
Found a runed translucent door.
Crazy Yiuf shouts!
You reach down and open the door.
You barely miss Crazy Yiuf.
Crazy Yiuf hits you with a +2 quarterstaff of chaos.
Your willpower is stripped away!
You hit Crazy Yiuf. You kick Crazy Yiuf, but do no damage.
Crazy Yiuf is lightly wounded.
Crazy Yiuf hits you with a +2 quarterstaff of chaos.
You convulse.
Crazy Yiuf hits you but does no damage.
You hit Crazy Yiuf. You kick Crazy Yiuf.
Crazy Yiuf is heavily wounded.
Crazy Yiuf barely misses you.
You barely miss Crazy Yiuf.
Crazy Yiuf is heavily wounded.
Crazy Yiuf barely misses you.
You slash Crazy Yiuf!
Crazy Yiuf is almost dead.
Crazy Yiuf hits you with a +2 quarterstaff of chaos!
Crazy Yiuf draws strength from your wounds!
Crazy Yiuf hits you but does no damage.
You are electrocuted!
* * * LOW HITPOINT WARNING * * *
You closely miss Crazy Yiuf.
Crazy Yiuf is heavily wounded.
Crazy Yiuf cries, "Spliff!"
You block Crazy Yiuf's attack.
You barely miss Crazy Yiuf.
Crazy Yiuf is heavily wounded.
Crazy Yiuf hits you with a +2 quarterstaff of chaos!
You die...

..# #.#........##.#####.## ###
#.....######### #...# #.#.###
#...# #.....# ##### #...#
########.### #..)# #...#
..)....#.## #...# ##...#######
...###....# ... #.........## ...#
#....# #g# #...........
...###....# ##@# #.........##
.......#### #.## ##...#.#####
..###### ##.# #...#.# # ..# #.##
#...#.# # ### ######## ##.##
#...#.# # # #......# #..P##
##...#.# # # #.####.# #.P..#
#......##### #####.####.# #....#
###.#####...
...........###....######........#


You could see Crazy Yiuf.

Vanquished Creatures
  A hound (D:2)
  Robin (D:2)
  3 adders (D:2)
  A dart slug (D:1)
  A ball python (D:1)
  A bat (D:1)
  2 endoplasms
  2 giant cockroaches (D:1)
  10 goblins
  12 hobgoblins
  4 jackals (D:1)
  3 kobolds
  A quokka (D:2)
  4 frilled lizards
  5 rats
51 creatures vanquished.

Notes
Turn   | Place    | Note
-------+----------+-------------------------------------------
     0 | D:1      | gelatine the Demonspawn Fighter began the quest for the
                  | Orb.
     0 | D:1      | Reached XP level 1. HP: 18/18 MP: 1/1
   133 | D:1      | Discovered your monstrous ancestry.
   133 | D:1      | Gained mutation: You have a pair of small antennae on your
                  | head. [demonic ancestry]
   133 | D:1      | Reached XP level 2. HP: 24/24 MP: 2/2
   469 | D:1      | You fall into a shaft and drop 1 floor!
   512 | D:2      | Noticed Robin
   517 | D:2      | Gained mutation: Your touch may inflict minor irresistible
                  | damage on your foes. [demonic ancestry]
   517 | D:2      | Reached XP level 3. HP: 25/29 MP: 3/3
   548 | D:2      | Killed Robin
   664 | D:2      | Gained mutation: You have large cloven feet. [demonic
                  | ancestry]
   664 | D:2      | Reached XP level 4. HP: 29/37 MP: 4/4
  1139 | D:2      | Got the Cyclopedia of Combative Incineration
  1265 | D:2      | Found a runed translucent door.
  1266 | D:2      | Noticed Crazy Yiuf
  1276 | D:2      | Mangled by Crazy Yiuf

Illustrated notes

Levels and vault maps discovered:
D:1:      minmay_arrival_doors, layout_basic
D:2:      layout_loops_cross, uniq_crazy_yiuf_cottage, uniq_robin

Skill      XL: |  1  2  3  4 |
---------------+-------------+-----
Shields        | 3 |  3.1
Axes           | 2 3 |  3.1
Armour         | 3 |  3.2
Fighting       | |  3.8
Dodging        | |  0.5
Stealth        | |  0.2

Action                     |  1- 3 |  4- 6 || total
---------------------------+-------+-------++-------
  Melee: War axe           |    94 |    37 ||   131
         Kick              |       |     7 ||     7
 Armour: Scale mail        |    75 |    26 ||   101
  Dodge: Dodged            |    51 |    11 ||    62
  Block: Buckler           |    25 |     7 ||    32
